Rafales vs Carnivores

Created - December 18, 2018 at 19:42

Goals
1 2 3 T
Rafales 1 2 0 3
Carnivores 3 1 1 5
Shots
1 2 3 T
Rafales 9 9 7 25
Carnivores 10 16 9 35

1st period

1. Carnivores , Blake Geoffrion 20 (Chris Lawrence 20, Mat Clark 7) at 9:20
2. Carnivores , Jeremy Williams 15 (Zack Smith 6) at 10:25
3. Carnivores , Blake Geoffrion 21 (Jeremy Welsh 11, David Schlemko 6) at 12:42
4. Rafales , Kevin Veilleux 5 (Carl Klingberg 15, Joey Laleggia 1) at 18:00

Penalties :
Dylan McIlrath (Stf) for Hooking (Minor) at 6:35, Milan Bartovic (Stf) for Tripping (Minor) at 13:02

2nd period

5. Rafales , Cody McLeod 18 (Mike Zigomanis 24) at 2:15
6. Carnivores , Hunter Shinkaruk 2 (Curtis Lazar 1) at 3:46
7. Rafales , Mike Zigomanis 23 (Matt Gilroy 16, Cody McLeod 30) at 9:27

Penalties :
No Penalty

3rd period

8. Carnivores , Zack Smith 7 (Blake Geoffrion 19, Chris Lawrence 21) at 19:55

Penalties :
Markus Granlund (Bre) for Hooking (Minor) at 3:39, Josh Manson (Bre) for Tripping (Minor) at 14:04

Goalie Stats

Chris Driedger (Stf), 30 saves from 35 shots - (0.857), L, 0-3-0, 60:00 minutes
Antti Raanta (Bre), 22 saves from 25 shots - (0.880), W, 3-7-2, 60:00 minutes

Players Stats for Rafales

Player Name              G  A  P  +/- PIM S  H  SB GA TA FO     MP     PP MP  PK MP  
------------------------------------------------------------------------------------
Brian Ferlin             0  0  0  -1  0   2  2  0  0  0  0/0    13:32   0:00   0:00 
Carl Klingberg           0  1  1   0  0   0  3  0  0  0  0/0    14:14   1:47   0:38 
Cedric Paquette          0  0  0   0  0   1  2  0  0  0  0/1    12:02   0:00   0:05 
Chris Terry              0  0  0   0  0   3  2  0  0  0  0/0    11:01   0:09   0:15 
Cody McLeod              1  1  2  -1  0   5  4  0  1  0  0/0    20:38   2:02   2:13 
Connor Murphy            0  0  0  -1  0   2  0  1  0  0  0/0    24:55   2:16   2:12 
Dylan McIlrath           0  0  0  -1  2   0  3  1  0  2  0/0    19:55   0:57   0:52 
James Marcou             0  0  0   0  0   2  0  0  1  0  0/1    10:37   0:00   0:00 
James Sheppard           0  0  0  -1  0   4  4  0  1  1  1/2    16:25   1:47   1:22 
Joey Laleggia            0  1  1  -1  0   0  1  1  0  0  0/0    15:01   0:45   0:00 
Julian Melchiori         0  0  0   0  0   0  1  1  0  0  0/0    20:04   0:57   1:46 
Kevin Veilleux           1  0  1   1  0   1  0  0  0  0  2/3    10:20   0:00   0:00 
Matt Gilroy              0  1  1  -1  0   1  1  1  0  2  0/0    25:21   2:17   2:12 
Mike Zigomanis           1  1  2  -2  0   3  2  0  1  0  12/26  21:37   2:11   2:16 
Milan Bartovic           0  0  0  -1  2   0  1  1  0  1  1/2    18:22   2:11   0:00 
Nathan Davis             0  0  0  -1  0   1  0  0  0  0  6/12   16:07   1:47   1:07 
Slater Koekkoek          0  0  0  -1  0   0  1  0  0  0  0/0    15:29   0:44   0:54 
Tim Crowder              0  0  0   1  0   0  2  0  0  0  0/0    10:20   0:00   0:00 

Players Stats for Carnivores

Player Name              G  A  P  +/- PIM S  H  SB GA TA FO     MP     PP MP  PK MP  
------------------------------------------------------------------------------------
Blake Geoffrion          2  1  3   2  0   6  1  0  1  0  1/3    21:14   2:06   2:06 
Chris Lawrence           0  2  2   2  0   5  1  1  0  1  3/4    21:14   2:06   2:06 
Curtis Lazar             0  1  1   0  0   0  0  0  1  0  1/3     9:50   0:00   0:00 
David Schlemko           0  1  1   2  0   1  3  1  0  0  0/0    18:10   1:20   0:05 
Frederik Gauthier        0  0  0  -1  0   1  0  0  0  0  1/3    11:04   0:00   0:00 
Hunter Shinkaruk         1  0  1   0  0   3  1  0  0  0  0/0    10:08   0:00   0:45 
Jeremy Welsh             0  1  1   1  0   1  3  0  1  0  0/0    16:23   1:52   0:00 
Jeremy Williams          1  0  1   1  0   3  3  0  0  0  2/2    17:14   1:52   0:51 
Josh Manson              0  0  0   0  2   0  1  2  0  0  0/0    13:47   0:00   0:58 
Mark MacMillan           0  0  0   0  0   1  1  0  0  0  0/0     9:23   0:00   0:00 
Mark McNeill             0  0  0  -1  0   5  1  0  0  0  0/0    11:04   0:00   0:00 
Markus Granlund          0  0  0   1  2   0  1  2  1  0  10/21  18:12   2:06   0:16 
Mat Clark                0  1  1   2  0   0  0  0  1  1  0/0    18:10   1:20   0:05 
Mattias Backman          0  0  0   0  0   0  0  0  0  0  0/0     5:30   0:00   0:44 
Nate Schmidt             0  0  0   0  0   0  4  0  1  1  0/0    27:25   2:38   2:11 
Nicolas Kerdiles         0  0  0  -1  0   3  3  0  0  0  1/1    12:09   0:00   1:01 
Sasha Pokulok            0  0  0   0  0   1  1  5  0  1  0/0    22:39   2:38   2:11 
T.J Brodie               0  0  0   0  0   1  0  0  0  0  0/0    14:25   0:00   1:42 
Zack Smith               1  1  2   2  0   4  1  0  0  0  6/10   17:59   1:52   0:51 

3 Stars

1 - Blake Geoffrion (Bre)
2 - Zack Smith (Bre)
3 - Chris Lawrence (Bre)

Power Play

Rafales - 0 on 2 Attempt(s) - 0.00%
Carnivores - 0 on 2 Attempt(s) - 0.00%

Penalty Kill

Rafales - 2 on 2 Attempt(s) - 100.00% - Score 0 goal in Penalty Kill
Carnivores - 2 on 2 Attempt(s) - 100.00% - Score 0 goal in Penalty Kill

Team Stat

Rafales - Hits : 29 - Faceoff Wins : 22 - Blocked Shots : 6 - Penalty Minutes : 4
Carnivores - Hits : 25 - Faceoff Wins : 25 - Blocked Shots : 11 - Penalty Minutes : 4

Official

Referees : Unknown
Linesman : Unknown

Game Notes

No Game Note

Finance

Level 1 -- Attendance: 1448 (72.40%) -- Ticket Income $57,920
Level 2 -- Attendance: 750 (75.00%) -- Ticket Income $15,000
Total Attendance: 2198 (73.27%)
Total Ticket Income: $72,920
Other Income: $3,646
Total Income: $76,566

Rafales

5 vs 5 Forward 
   Center                   Left Wing                Right Wing               Time % Phy DF OF 
 1 Mike Zigomanis           Cody McLeod              Milan Bartovic           40     0   1  4  
 2 Nathan Davis             James Sheppard           Brian Ferlin             30     1   1  3  
 3 Kevin Veilleux           Carl Klingberg           Tim Crowder              20     1   1  3  
 4 Cedric Paquette          Chris Terry              James Marcou             10     2   1  2  

5 vs 5 Defense 
   Defense                  Defense                                           Time % Phy DF OF 
 1 Matt Gilroy              Connor Murphy                                     40     1   3  1  
 2 Julian Melchiori         Dylan McIlrath                                    30     1   3  1  
 3 Slater Koekkoek          Joey Laleggia                                     20     2   2  1  
 4 Matt Gilroy              Connor Murphy                                     10     1   3  1  

PowerPlay Forward 
   Center                   Left Wing                Right Wing               Time % Phy DF OF 
 1 Mike Zigomanis           Cody McLeod              Milan Bartovic           60     0   0  5  
 2 Nathan Davis             James Sheppard           Carl Klingberg           40     0   0  5  

PowerPlay Defense
   Defense                  Defense                                           Time % Phy DF OF 
 1 Matt Gilroy              Connor Murphy                                     60     0   2  3  
 2 Julian Melchiori         Dylan McIlrath                                    40     0   2  3  

Penalty Kill 4 Players Forward 
   Center                   Wing                     Time % Phy DF OF 
 1 Mike Zigomanis           Cody McLeod              60     1   3  1  
 2 James Sheppard           Nathan Davis             40     1   3  1  

Penalty Kill 4 Players Defense
   Defense                  Defense                  Time % Phy DF OF 
 1 Matt Gilroy              Connor Murphy            60     2   3  0  
 2 Julian Melchiori         Dylan McIlrath           40     2   3  0  

Penalty Kill - 3 Players Forward 
   Forward                                           Time % Phy DF OF 
 1 Mike Zigomanis                                    60     1   4  0  
 2 Cody McLeod                                       40     1   4  0  

Penalty Kill - 3 Players Defense
   Defense                  Defense                  Time % Phy DF OF 
 1 Matt Gilroy              Connor Murphy            60     2   3  0  
 2 Julian Melchiori         Dylan McIlrath           40     2   3  0  

4 vs 4 Forward 
   Center                   Wing                     Time % Phy DF OF 
 1 Mike Zigomanis           Cody McLeod              60     1   1  3  
 2 James Sheppard           Nathan Davis             40     1   1  3  

4 vs 4 Defense
   Defense                  Defense                  Time % Phy DF OF 
 1 Matt Gilroy              Connor Murphy            60     1   3  1  
 2 Julian Melchiori         Dylan McIlrath           40     1   3  1  

Last Minutes Offensive
   Center                   Left Wing                Right Wing               Defense                  Defense                  
   Mike Zigomanis           Cody McLeod              Milan Bartovic           Matt Gilroy              Connor Murphy            

Last Minutes Defensive
   Center                   Left Wing                Right Wing               Defense                  Defense                  
   Mike Zigomanis           Cody McLeod              Milan Bartovic           Matt Gilroy              Connor Murphy            

Goaltenders
Starting : Chris Driedger           
Backup : Leland Irving            

Extra Forwards
Normal : Cody McLeod, Mike Zigomanis, James Sheppard - PP : Cody McLeod, Mike Zigomanis - PK : Carl Klingberg
Extra Defensemen
Normal : Connor Murphy, Matt Gilroy, Julian Melchiori - PP : Connor Murphy - PK : Matt Gilroy, Julian Melchiori
Penalty Shots
Mike Zigomanis, Cody McLeod, James Sheppard, Nathan Davis, Milan Bartovic

Scratches
Ben Sexton (Healthy), Ryan Bourque (Healthy), Ben Johnson (Healthy), Nicklas Jensen (Healthy), Jayson Megna (Healthy)
Brad Ross (Healthy), Ben Thomson (Healthy), Tyrell Goulbourne (Healthy), David Broll (Healthy), Stefan Chaput (Healthy)
Dennis Persson (Healthy), Akim Aliu (Healthy), Maksim Mayorov (Healthy)

Carnivores

5 vs 5 Forward 
   Center                   Left Wing                Right Wing               Time % Phy DF OF 
 1 Markus Granlund          Blake Geoffrion          Chris Lawrence           40     1   2  2  
 2 Zack Smith               Jeremy Welsh             Jeremy Williams          30     1   2  2  
 3 Frederik Gauthier        Nicolas Kerdiles         Mark McNeill             20     1   2  2  
 4 Curtis Lazar             Hunter Shinkaruk         Mark MacMillan           10     1   2  2  

5 vs 5 Defense 
   Defense                  Defense                                           Time % Phy DF OF 
 1 Nate Schmidt             Sasha Pokulok                                     40     1   2  2  
 2 Mat Clark                David Schlemko                                    30     1   2  2  
 3 T.J Brodie               Josh Manson                                       20     1   2  2  
 4 Nate Schmidt             Mattias Backman                                   10     1   2  2  

PowerPlay Forward 
   Center                   Left Wing                Right Wing               Time % Phy DF OF 
 1 Markus Granlund          Blake Geoffrion          Chris Lawrence           60     1   2  2  
 2 Zack Smith               Jeremy Welsh             Jeremy Williams          40     1   2  2  

PowerPlay Defense
   Defense                  Defense                                           Time % Phy DF OF 
 1 Nate Schmidt             Sasha Pokulok                                     60     1   2  2  
 2 Mat Clark                David Schlemko                                    40     1   2  2  

Penalty Kill 4 Players Forward 
   Center                   Wing                     Time % Phy DF OF 
 1 Blake Geoffrion          Chris Lawrence           60     1   2  2  
 2 Jeremy Williams          Zack Smith               40     1   2  2  

Penalty Kill 4 Players Defense
   Defense                  Defense                  Time % Phy DF OF 
 1 Nate Schmidt             Sasha Pokulok            60     1   2  2  
 2 T.J Brodie               Josh Manson              40     1   2  2  

Penalty Kill - 3 Players Forward 
   Forward                                           Time % Phy DF OF 
 1 Blake Geoffrion                                   60     1   2  2  
 2 Chris Lawrence                                    40     1   2  2  

Penalty Kill - 3 Players Defense
   Defense                  Defense                  Time % Phy DF OF 
 1 Nate Schmidt             Sasha Pokulok            60     1   2  2  
 2 T.J Brodie               Josh Manson              40     1   2  2  

4 vs 4 Forward 
   Center                   Wing                     Time % Phy DF OF 
 1 Blake Geoffrion          Chris Lawrence           60     1   2  2  
 2 Jeremy Williams          Zack Smith               40     1   2  2  

4 vs 4 Defense
   Defense                  Defense                  Time % Phy DF OF 
 1 Nate Schmidt             Sasha Pokulok            60     1   2  2  
 2 Josh Manson              David Schlemko           40     1   2  2  

Last Minutes Offensive
   Center                   Left Wing                Right Wing               Defense                  Defense                  
   Markus Granlund          Blake Geoffrion          Chris Lawrence           Nate Schmidt             Mat Clark                

Last Minutes Defensive
   Center                   Left Wing                Right Wing               Defense                  Defense                  
   Zack Smith               Blake Geoffrion          Chris Lawrence           Nate Schmidt             Sasha Pokulok            

Goaltenders
Starting : Antti Raanta             
Backup : Tristan Jarry            

Extra Forwards
Normal : Curtis Lazar, Nicolas Kerdiles, Mark McNeill - PP : Curtis Lazar, Nicolas Kerdiles - PK : Nicolas Kerdiles
Extra Defensemen
Normal : T.J Brodie, Mattias Backman, Josh Manson - PP : T.J Brodie - PK : Mattias Backman, Josh Manson
Penalty Shots
Blake Geoffrion, Chris Lawrence, Jeremy Williams, Zack Smith, Jeremy Welsh

Scratches
Adam Almquist (Healthy), Connor Clifton (Healthy), Stanislav Galiev (Healthy), Nikita Alexeev (Separated Right Shoulder Injury), Tyler Graovac (Healthy)
Troy Bourke (Healthy), Alexandre Mallet (Healthy), Michael Schumacher (Healthy), Niklas Svedberg (Healthy)

% Time on Ice - Rafales

Lines # - Real PCT - Wanted PCT - Time Play
Normal Forward
1 - 30% - 40% - 15:22
2 - 29% - 30% - 14:34
3 - 20% - 20% - 10:20
4 - 21% - 10% - 10:37
Normal Defense
1 - 36% - 40% - 18:28
2 - 34% - 30% - 17:21
3 - 27% - 20% - 13:51
4 - 2% - 10% - 1:13
PP Forward
1 - 55% - 60% - 2:11
2 - 45% - 40% - 1:47
PP Defense
1 - 76% - 60% - 3:01
2 - 24% - 40% - 0:57
PK Forward
1 - 72% - 60% - 2:51
2 - 28% - 40% - 1:07
PK Defense
1 - 55% - 60% - 2:12
2 - 45% - 40% - 1:46
PK3 Forward
1 - 0% - 60%
2 - 0% - 40%
PK3 Defense
1 - 0% - 60%
2 - 0% - 40%
44 Forward
1 - 0% - 60%
2 - 0% - 40%
44 Defense
1 - 0% - 60%
2 - 0% - 40%
Last Minute Offensive  - 1:11
Last Minute Defensive  - 0:00
Total
Forward - 60:00
Defense - 60:00

% Time on Ice - Carnivores

Lines # - Real PCT - Wanted PCT - Time Play
Normal Forward
1 - 31% - 40% - 15:58
2 - 29% - 30% - 14:31
3 - 22% - 20% - 11:04
4 - 18% - 10% - 9:23
Normal Defense
1 - 33% - 40% - 16:42
2 - 33% - 30% - 17:03
3 - 24% - 20% - 12:25
4 - 9% - 10% - 4:46
PP Forward
1 - 53% - 60% - 2:06
2 - 47% - 40% - 1:52
PP Defense
1 - 66% - 60% - 2:38
2 - 34% - 40% - 1:20
PK Forward
1 - 79% - 60% - 3:07
2 - 21% - 40% - 0:51
PK Defense
1 - 55% - 60% - 2:11
2 - 45% - 40% - 1:47
PK3 Forward
1 - 0% - 60%
2 - 0% - 40%
PK3 Defense
1 - 0% - 60%
2 - 0% - 40%
44 Forward
1 - 0% - 60%
2 - 0% - 40%
44 Defense
1 - 0% - 60%
2 - 0% - 40%
Last Minute Offensive  - 0:00
Last Minute Defensive  - 1:08
Total
Forward - 60:00
Defense - 60:00

Play by Play

1st period


0:01 of 1st period - Mike Zigomanis wins face-off versus Markus Granlund in neutral zone.
0:04 of 1st period - Nate Schmidt is hit by Cody McLeod and loses puck.
0:11 of 1st period - Snap shot by Cody McLeod.
0:11 of 1st period - Deflect By Mike Zigomanis.
0:11 of 1st period - Shot Blocked by Sasha Pokulok.
0:11 of 1st period - Puck is out of play.
0:12 of 1st period - Nathan Davis wins face-off versus Zack Smith in Carnivores zone.
0:50 of 1st period - Snap shot by Nicolas Kerdiles.
0:50 of 1st period - Shot Misses the Net.
1:41 of 1st period - Snap shot by Cody McLeod.
1:41 of 1st period - Stopped by Antti Raanta without a rebound.
1:42 of 1st period - Markus Granlund wins face-off versus Nathan Davis in Carnivores zone.
3:51 of 1st period - Slapshot by Cody McLeod.
3:51 of 1st period - Shot Misses the Net.
4:01 of 1st period - Slapshot by Nicolas Kerdiles.
4:01 of 1st period - Stopped by Chris Driedger with a rebound.
4:20 of 1st period - Mark MacMillan is hit by Cody McLeod and loses puck.
4:27 of 1st period - Wrist shot by Cody McLeod.
4:27 of 1st period - Stopped by Antti Raanta without a rebound.
4:28 of 1st period - James Sheppard wins face-off versus Markus Granlund in Carnivores zone.
4:29 of 1st period - Slapshot by Brian Ferlin.
4:29 of 1st period - Stopped by Antti Raanta with a rebound.
4:37 of 1st period - Wrist shot by Nathan Davis.
4:37 of 1st period - Shot Blocked by Markus Granlund.
4:39 of 1st period - Snap shot by James Sheppard.
4:39 of 1st period - Shot Misses the Net.
4:41 of 1st period - Slapshot by Matt Gilroy.
4:41 of 1st period - Shot Blocked by Chris Lawrence.
4:43 of 1st period - Snap shot by James Sheppard.
4:43 of 1st period - Shot Misses the Net.
5:17 of 1st period - Connor Murphy is hit by Nate Schmidt and loses puck.
5:26 of 1st period - Sasha Pokulok is hit by Chris Terry.
6:35 of 1st period - Minor Penalty to Dylan McIlrath for Hooking.
6:36 of 1st period - Mike Zigomanis wins face-off versus Markus Granlund in Rafales zone.
7:05 of 1st period - Icing by Chris Lawrence.
7:06 of 1st period - Zack Smith wins face-off versus Mike Zigomanis in Carnivores zone.
7:25 of 1st period - Snap shot by James Sheppard.
7:25 of 1st period - Stopped by Antti Raanta with a rebound.
7:47 of 1st period - Icing by Chris Lawrence.
7:48 of 1st period - Mike Zigomanis wins face-off versus Markus Granlund in Carnivores zone.
8:07 of 1st period - Wrist shot by Jeremy Welsh.
8:07 of 1st period - Shot Misses the Net.
8:21 of 1st period - Slapshot by Nathan Davis.
8:21 of 1st period - Shot Misses the Net.
8:23 of 1st period - Snap shot by Nathan Davis.
8:23 of 1st period - Stopped by Antti Raanta with a rebound.
8:32 of 1st period - Off-side.
8:33 of 1st period - Markus Granlund wins face-off versus Mike Zigomanis in neutral zone.
8:35 of 1st period - Penalty to Dylan McIlrath is over, Dylan McIlrath is back on ice.
8:52 of 1st period - Backhand shot by Cody McLeod.
8:52 of 1st period - Shot Misses the Net.
9:12 of 1st period - Wrist shot by Blake Geoffrion.
9:12 of 1st period - Shot Misses the Net.
9:14 of 1st period - Slapshot by Blake Geoffrion.
9:14 of 1st period - Shot Misses the Net.
9:16 of 1st period - Slapshot by David Schlemko.
9:16 of 1st period - Stopped by Chris Driedger with a rebound.
9:18 of 1st period - Slapshot by Mat Clark.
9:18 of 1st period - Deflect By Chris Lawrence.
9:18 of 1st period - Stopped by Chris Driedger with a rebound.
9:20 of 1st period - Slapshot by Blake Geoffrion.
9:20 of 1st period - Goal by Blake Geoffrion - Rafales : 0 - Carnivores : 1.
9:21 of 1st period - Jeremy Williams wins face-off versus Nathan Davis in neutral zone.
9:40 of 1st period - Nate Schmidt is hit by James Sheppard.
9:41 of 1st period - Icing by Nate Schmidt.
9:42 of 1st period - Zack Smith wins face-off versus Kevin Veilleux in Carnivores zone.
9:42 of 1st period - Zack Smith is hit by Carl Klingberg.
9:45 of 1st period - Icing by Jeremy Welsh.
9:46 of 1st period - Kevin Veilleux wins face-off versus Zack Smith in Carnivores zone.
10:03 of 1st period - Icing by Nate Schmidt.
10:04 of 1st period - Zack Smith wins face-off versus Milan Bartovic in Carnivores zone.
10:09 of 1st period - Snap shot by Jeremy Welsh.
10:09 of 1st period - Shot Blocked by Dylan McIlrath.
10:23 of 1st period - Slapshot by Jeremy Williams.
10:23 of 1st period - Shot Misses the Net.
10:25 of 1st period - Backhand shot by Jeremy Williams.
10:25 of 1st period - Goal by Jeremy Williams - Rafales : 0 - Carnivores : 2.
10:26 of 1st period - Markus Granlund wins face-off versus Nathan Davis in neutral zone.
10:35 of 1st period - Snap shot by Brian Ferlin.
10:35 of 1st period - Shot Misses the Net.
10:43 of 1st period - Markus Granlund is hit by Brian Ferlin and loses puck.
11:28 of 1st period - Dylan McIlrath is hit by Nicolas Kerdiles and loses puck.
11:48 of 1st period - Snap shot by Jeremy Welsh.
11:48 of 1st period - Shot Misses the Net.
12:23 of 1st period - Kevin Veilleux is hit by Nicolas Kerdiles and loses puck.
12:42 of 1st period - Slapshot by Blake Geoffrion.
12:42 of 1st period - Goal by Blake Geoffrion - Rafales : 0 - Carnivores : 3.
12:43 of 1st period - Markus Granlund wins face-off versus Nathan Davis in neutral zone.
12:58 of 1st period - Wrist shot by Chris Lawrence.
12:58 of 1st period - Stopped by Chris Driedger without a rebound.
12:59 of 1st period - Mike Zigomanis wins face-off versus Zack Smith in Rafales zone.
12:59 of 1st period - Mike Zigomanis is hit by Jeremy Williams.
13:02 of 1st period - Minor Penalty to Milan Bartovic for Tripping.
13:03 of 1st period - Mike Zigomanis wins face-off versus Markus Granlund in Rafales zone.
13:29 of 1st period - Matt Gilroy is hit by Jeremy Welsh and loses puck.
15:02 of 1st period - Penalty to Milan Bartovic is over, Milan Bartovic is back on ice.
15:11 of 1st period - Wrist shot by Mark McNeill.
15:11 of 1st period - Stopped by Chris Driedger with a rebound.
15:17 of 1st period - Snap shot by Frederik Gauthier.
15:17 of 1st period - Stopped by Chris Driedger with a rebound.
15:19 of 1st period - Wrist shot by Frederik Gauthier.
15:19 of 1st period - Shot Blocked by Matt Gilroy.
15:29 of 1st period - Connor Murphy is hit by Mark MacMillan and loses puck.
16:05 of 1st period - Jeremy Williams is hit by Cody McLeod and loses puck.
16:21 of 1st period - Slater Koekkoek is hit by Jeremy Williams and loses puck.
16:32 of 1st period - Wrist shot by Nathan Davis.
16:32 of 1st period - Shot Blocked by Josh Manson.
16:34 of 1st period - Wrist shot by James Sheppard.
16:34 of 1st period - Stopped by Antti Raanta with a rebound.
16:36 of 1st period - Wrist shot by James Sheppard.
16:36 of 1st period - Stopped by Antti Raanta without a rebound.
16:37 of 1st period - Nathan Davis wins face-off versus Frederik Gauthier in Carnivores zone.
17:09 of 1st period - Snap shot by Chris Lawrence.
17:09 of 1st period - Stopped by Chris Driedger with a rebound.
17:25 of 1st period - Off-side.
17:26 of 1st period - Kevin Veilleux wins face-off versus Curtis Lazar in neutral zone.
17:41 of 1st period - Slapshot by Kevin Veilleux.
17:41 of 1st period - Shot Misses the Net.
17:58 of 1st period - Slapshot by Kevin Veilleux.
17:58 of 1st period - Shot Blocked by Sasha Pokulok.
18:00 of 1st period - Slapshot by Kevin Veilleux.
18:00 of 1st period - Goal by Kevin Veilleux - Rafales : 1 - Carnivores : 3.
18:01 of 1st period - Mike Zigomanis wins face-off versus Markus Granlund in neutral zone.
18:17 of 1st period - Nate Schmidt is hit by Mike Zigomanis and loses puck.
18:37 of 1st period - Zack Smith is hit by James Sheppard.
18:43 of 1st period - Connor Murphy is hit by Jeremy Welsh and loses puck.
18:52 of 1st period - Snap shot by Tim Crowder.
18:52 of 1st period - Shot Blocked by Sasha Pokulok.
19:14 of 1st period - Snap shot by James Marcou.
19:14 of 1st period - Stopped by Antti Raanta with a rebound.
19:24 of 1st period - Nate Schmidt is hit by Dylan McIlrath and loses puck.
Goals for this period are 1 for Rafales vs 3 for Carnivores.
Shots for this period are 9 for Rafales vs 10 for Carnivores.

2nd period


0:01 of 2nd period - Markus Granlund wins face-off versus Mike Zigomanis in neutral zone.
0:10 of 2nd period - Snap shot by Blake Geoffrion.
0:10 of 2nd period - Shot Blocked by Milan Bartovic.
0:26 of 2nd period - David Schlemko is hit by James Sheppard and loses puck.
0:55 of 2nd period - Snap shot by Jeremy Williams.
0:55 of 2nd period - Shot Misses the Net.
1:21 of 2nd period - Wrist shot by Jeremy Welsh.
1:21 of 2nd period - Stopped by Chris Driedger without a rebound.
1:22 of 2nd period - Chris Lawrence wins face-off versus Mike Zigomanis in Rafales zone.
1:25 of 2nd period - Wrist shot by Blake Geoffrion.
1:25 of 2nd period - Deflect By Chris Lawrence.
1:25 of 2nd period - Stopped by Chris Driedger without a rebound.
1:26 of 2nd period - Markus Granlund wins face-off versus Mike Zigomanis in Rafales zone.
1:31 of 2nd period - Wrist shot by Blake Geoffrion.
1:31 of 2nd period - Stopped by Chris Driedger without a rebound.
1:32 of 2nd period - Markus Granlund wins face-off versus Mike Zigomanis in Rafales zone.
1:33 of 2nd period - Snap shot by Blake Geoffrion.
1:33 of 2nd period - Stopped by Chris Driedger with a rebound.
1:38 of 2nd period - Off-side.
1:39 of 2nd period - Mike Zigomanis wins face-off versus Markus Granlund in neutral zone.
2:04 of 2nd period - Cody McLeod is hit by Mark McNeill and loses puck.
2:15 of 2nd period - Slapshot by Cody McLeod.
2:15 of 2nd period - Goal by Cody McLeod - Rafales : 2 - Carnivores : 3.
2:16 of 2nd period - Nathan Davis wins face-off versus Markus Granlund in neutral zone.
3:29 of 2nd period - Snap shot by Chris Terry.
3:29 of 2nd period - Shot Misses the Net.
3:31 of 2nd period - Slapshot by Chris Terry.
3:31 of 2nd period - Stopped by Antti Raanta with a rebound.
3:33 of 2nd period - Snap shot by Chris Terry.
3:33 of 2nd period - Stopped by Antti Raanta with a rebound.
3:40 of 2nd period - Icing by David Schlemko.
3:41 of 2nd period - Curtis Lazar wins face-off versus Nathan Davis in Carnivores zone.
3:46 of 2nd period - Wrist shot by Hunter Shinkaruk.
3:46 of 2nd period - Deflect By Nathan Davis.
3:46 of 2nd period - Goal by Hunter Shinkaruk - Rafales : 2 - Carnivores : 4.
3:47 of 2nd period - Mike Zigomanis wins face-off versus Blake Geoffrion in neutral zone.
4:42 of 2nd period - Snap shot by Mark McNeill.
4:42 of 2nd period - Stopped by Chris Driedger with a rebound.
4:44 of 2nd period - Slapshot by Mark McNeill.
4:44 of 2nd period - Shot Misses the Net.
5:12 of 2nd period - T.J Brodie is hit by Cedric Paquette and loses puck.
5:21 of 2nd period - Chris Terry is hit by Hunter Shinkaruk and loses puck.
6:50 of 2nd period - Snap shot by Mike Zigomanis.
6:50 of 2nd period - Stopped by Antti Raanta with a rebound.
7:22 of 2nd period - Snap shot by Chris Lawrence.
7:22 of 2nd period - Deflect By Blake Geoffrion.
7:22 of 2nd period - Shot Blocked by Julian Melchiori.
7:22 of 2nd period - Puck is out of play.
7:23 of 2nd period - Frederik Gauthier wins face-off versus Mike Zigomanis in Rafales zone.
7:48 of 2nd period - Brian Ferlin is hit by Markus Granlund and loses puck.
8:10 of 2nd period - Jeremy Williams is hit by Tim Crowder and loses puck.
8:24 of 2nd period - Nate Schmidt is hit by Dylan McIlrath and loses puck.
8:43 of 2nd period - Mark MacMillan is hit by Julian Melchiori and loses puck.
8:54 of 2nd period - Hunter Shinkaruk is hit by Chris Terry and loses puck.
9:13 of 2nd period - Slapshot by T.J Brodie.
9:13 of 2nd period - Stopped by Chris Driedger with a rebound.
9:15 of 2nd period - Slapshot by Josh Manson.
9:15 of 2nd period - Deflect By Hunter Shinkaruk.
9:15 of 2nd period - Stopped by Chris Driedger with a rebound.
9:17 of 2nd period - Wrist shot by Hunter Shinkaruk.
9:17 of 2nd period - Stopped by Chris Driedger without a rebound.
9:18 of 2nd period - Mike Zigomanis wins face-off versus Markus Granlund in Rafales zone.
9:27 of 2nd period - Slapshot by Matt Gilroy.
9:27 of 2nd period - Deflect By Mike Zigomanis.
9:27 of 2nd period - Goal by Mike Zigomanis - Rafales : 3 - Carnivores : 4.
9:28 of 2nd period - Mike Zigomanis wins face-off versus Chris Lawrence in neutral zone.
9:44 of 2nd period - Slapshot by Cody McLeod.
9:44 of 2nd period - Shot Misses the Net.
10:40 of 2nd period - Snap shot by James Marcou.
10:40 of 2nd period - Stopped by Antti Raanta without a rebound.
10:41 of 2nd period - Markus Granlund wins face-off versus Cedric Paquette in Carnivores zone.
11:51 of 2nd period - Snap shot by Nicolas Kerdiles.
11:51 of 2nd period - Stopped by Chris Driedger with a rebound.
11:53 of 2nd period - Slapshot by Sasha Pokulok.
11:53 of 2nd period - Shot Blocked by Joey Laleggia.
11:55 of 2nd period - Snap shot by Mark McNeill.
11:55 of 2nd period - Stopped by Chris Driedger with a rebound.
11:57 of 2nd period - Snap shot by Mark McNeill.
11:57 of 2nd period - Stopped by Chris Driedger with a rebound.
11:59 of 2nd period - Slapshot by Sasha Pokulok.
11:59 of 2nd period - Shot Misses the Net.
12:13 of 2nd period - James Marcou is hit by Nate Schmidt and loses puck.
12:24 of 2nd period - Slapshot by Chris Terry.
12:24 of 2nd period - Shot Blocked by Josh Manson.
12:42 of 2nd period - Wrist shot by Mark McNeill.
12:42 of 2nd period - Stopped by Chris Driedger without a rebound.
12:43 of 2nd period - Chris Lawrence wins face-off versus Mike Zigomanis in Rafales zone.
13:13 of 2nd period - Wrist shot by Zack Smith.
13:13 of 2nd period - Shot Blocked by Connor Murphy.
13:15 of 2nd period - Snap shot by Zack Smith.
13:15 of 2nd period - Stopped by Chris Driedger without a rebound.
13:16 of 2nd period - Nathan Davis wins face-off versus Zack Smith in Rafales zone.
13:41 of 2nd period - Snap shot by Cody McLeod.
13:41 of 2nd period - Stopped by Antti Raanta with a rebound.
13:43 of 2nd period - Wrist shot by Cody McLeod.
13:43 of 2nd period - Shot Blocked by David Schlemko.
13:45 of 2nd period - Wrist shot by Cody McLeod.
13:45 of 2nd period - Shot Misses the Net.
14:30 of 2nd period - Curtis Lazar is hit by Dylan McIlrath and loses puck.
15:18 of 2nd period - Jeremy Williams is hit by Mike Zigomanis.
15:28 of 2nd period - Wrist shot by Jeremy Williams.
15:28 of 2nd period - Deflect By Zack Smith.
15:28 of 2nd period - Stopped by Chris Driedger with a rebound.
15:30 of 2nd period - Wrist shot by Zack Smith.
15:30 of 2nd period - Stopped by Chris Driedger with a rebound.
16:16 of 2nd period - Nicolas Kerdiles is hit by Carl Klingberg and loses puck.
16:59 of 2nd period - Nathan Davis is hit by Nate Schmidt and loses puck.
17:10 of 2nd period - Wrist shot by James Sheppard.
17:10 of 2nd period - Stopped by Antti Raanta without a rebound.
17:11 of 2nd period - Milan Bartovic wins face-off versus Curtis Lazar in Carnivores zone.
18:18 of 2nd period - Jeremy Welsh is hit by Carl Klingberg and loses puck.
18:43 of 2nd period - Milan Bartovic is hit by Nicolas Kerdiles and loses puck.
19:10 of 2nd period - James Marcou is hit by David Schlemko and loses puck.
19:53 of 2nd period - Snap shot by Cody McLeod.
19:53 of 2nd period - Stopped by Antti Raanta with a rebound.
Goals for this period are 2 for Rafales vs 1 for Carnivores.
Shots for this period are 9 for Rafales vs 16 for Carnivores.

3rd period


0:01 of 3rd period - Markus Granlund wins face-off versus Mike Zigomanis in neutral zone.
0:11 of 3rd period - Wrist shot by Milan Bartovic.
0:11 of 3rd period - Shot Misses the Net.
0:13 of 3rd period - Slapshot by Mike Zigomanis.
0:13 of 3rd period - Shot Blocked by Markus Granlund.
0:15 of 3rd period - Slapshot by Connor Murphy.
0:15 of 3rd period - Stopped by Antti Raanta with a rebound.
0:32 of 3rd period - Snap shot by Nathan Davis.
0:32 of 3rd period - Shot Misses the Net.
1:36 of 3rd period - Snap shot by Chris Lawrence.
1:36 of 3rd period - Stopped by Chris Driedger without a rebound.
1:37 of 3rd period - Zack Smith wins face-off versus Mike Zigomanis in Rafales zone.
1:40 of 3rd period - Snap shot by Jeremy Welsh.
1:40 of 3rd period - Shot Misses the Net.
1:50 of 3rd period - Snap shot by Cody McLeod.
1:50 of 3rd period - Shot Misses the Net.
1:52 of 3rd period - Snap shot by Mike Zigomanis.
1:52 of 3rd period - Stopped by Antti Raanta with a rebound.
2:02 of 3rd period - James Sheppard is hit by David Schlemko and loses puck.
2:25 of 3rd period - Snap shot by T.J Brodie.
2:25 of 3rd period - Shot Misses the Net.
3:12 of 3rd period - Jeremy Williams is hit by Cody McLeod and loses puck.
3:31 of 3rd period - Brian Ferlin is hit by Chris Lawrence and loses puck.
3:39 of 3rd period - Minor Penalty to Markus Granlund for Hooking.
3:40 of 3rd period - Mike Zigomanis wins face-off versus Blake Geoffrion in Carnivores zone.
3:40 of 3rd period - Wrist shot by Cody McLeod.
3:40 of 3rd period - Shot Blocked by Sasha Pokulok.
3:42 of 3rd period - Slapshot by Connor Murphy.
3:42 of 3rd period - Deflect By Chris Lawrence.
3:42 of 3rd period - Stopped by Antti Raanta with a rebound.
4:48 of 3rd period - Backhand shot by Zack Smith.
4:48 of 3rd period - Shot Misses the Net.
4:50 of 3rd period - Slapshot by Josh Manson.
4:50 of 3rd period - Deflect By Jeremy Williams.
4:50 of 3rd period - Shot Misses the Net.
4:50 of 3rd period - Puck is out of play.
4:51 of 3rd period - Jeremy Williams wins face-off versus Mike Zigomanis in Rafales zone.
5:06 of 3rd period - Julian Melchiori is hit by Nate Schmidt and loses puck.
5:39 of 3rd period - Penalty to Markus Granlund is over, Markus Granlund is back on ice.
5:45 of 3rd period - Snap shot by Mark McNeill.
5:45 of 3rd period - Shot Misses the Net.
5:47 of 3rd period - Wrist shot by Frederik Gauthier.
5:47 of 3rd period - Shot Misses the Net.
5:55 of 3rd period - Frederik Gauthier is hit by Cedric Paquette and loses puck.
7:22 of 3rd period - Slapshot by T.J Brodie.
7:22 of 3rd period - Deflect By Nicolas Kerdiles.
7:22 of 3rd period - Stopped by Chris Driedger without a rebound.
7:23 of 3rd period - Mike Zigomanis wins face-off versus Frederik Gauthier in Rafales zone.
8:08 of 3rd period - Sasha Pokulok is hit by Tim Crowder and loses puck.
8:13 of 3rd period - Snap shot by Carl Klingberg.
8:13 of 3rd period - Deflect By Kevin Veilleux.
8:13 of 3rd period - Shot Blocked by Sasha Pokulok.
8:13 of 3rd period - Puck is out of play.
8:14 of 3rd period - Zack Smith wins face-off versus Mike Zigomanis in Carnivores zone.
8:14 of 3rd period - Zack Smith is hit by Milan Bartovic.
8:40 of 3rd period - Sasha Pokulok is hit by James Sheppard and loses puck.
9:38 of 3rd period - Icing by Slater Koekkoek.
9:39 of 3rd period - Zack Smith wins face-off versus Mike Zigomanis in Rafales zone.
10:12 of 3rd period - Icing by Chris Lawrence.
10:13 of 3rd period - Nathan Davis wins face-off versus Markus Granlund in Carnivores zone.
10:16 of 3rd period - Snap shot by Brian Ferlin.
10:16 of 3rd period - Stopped by Antti Raanta without a rebound.
10:17 of 3rd period - Nathan Davis wins face-off versus Markus Granlund in Carnivores zone.
10:18 of 3rd period - Snap shot by James Sheppard.
10:18 of 3rd period - Shot Misses the Net.
10:20 of 3rd period - Snap shot by Matt Gilroy.
10:20 of 3rd period - Stopped by Antti Raanta with a rebound.
10:44 of 3rd period - Connor Murphy is hit by Jeremy Williams.
11:06 of 3rd period - Snap shot by James Marcou.
11:06 of 3rd period - Deflect By Chris Terry.
11:06 of 3rd period - Shot Misses the Net.
11:06 of 3rd period - Puck is out of play.
11:07 of 3rd period - Chris Lawrence wins face-off versus James Marcou in Carnivores zone.
11:32 of 3rd period - Mark McNeill is hit by Matt Gilroy and loses puck.
11:39 of 3rd period - Wrist shot by Cody McLeod.
11:39 of 3rd period - Shot Misses the Net.
11:57 of 3rd period - Dylan McIlrath is hit by Josh Manson and loses puck.
12:06 of 3rd period - Snap shot by Mark MacMillan.
12:06 of 3rd period - Stopped by Chris Driedger with a rebound.
12:08 of 3rd period - Wrist shot by Sasha Pokulok.
12:08 of 3rd period - Shot Misses the Net.
12:44 of 3rd period - Snap shot by Chris Terry.
12:44 of 3rd period - Stopped by Antti Raanta with a rebound.
12:52 of 3rd period - James Marcou is hit by Zack Smith and loses puck.
14:04 of 3rd period - Minor Penalty to Josh Manson for Tripping.
14:05 of 3rd period - Blake Geoffrion wins face-off versus Mike Zigomanis in Carnivores zone.
14:10 of 3rd period - Cody McLeod is hit by Blake Geoffrion and loses puck.
14:57 of 3rd period - Wrist shot by Jeremy Williams.
14:57 of 3rd period - Shot Misses the Net.
16:04 of 3rd period - Penalty to Josh Manson is over, Josh Manson is back on ice.
16:05 of 3rd period - David Schlemko is hit by Joey Laleggia and loses puck.
16:27 of 3rd period - Joey Laleggia is hit by David Schlemko and loses puck.
16:43 of 3rd period - Julian Melchiori is hit by Jeremy Welsh and loses puck.
16:48 of 3rd period - Snap shot by Jeremy Williams.
16:48 of 3rd period - Stopped by Chris Driedger with a rebound.
16:50 of 3rd period - Wrist shot by Jeremy Williams.
16:50 of 3rd period - Shot Misses the Net.
17:04 of 3rd period - Wrist shot by Jeremy Williams.
17:04 of 3rd period - Stopped by Chris Driedger with a rebound.
17:12 of 3rd period - Snap shot by Cedric Paquette.
17:12 of 3rd period - Stopped by Antti Raanta without a rebound.
17:13 of 3rd period - Nicolas Kerdiles wins face-off versus Nathan Davis in Carnivores zone.
17:18 of 3rd period - James Sheppard is hit by Sasha Pokulok and loses puck.
17:29 of 3rd period - Josh Manson is hit by Slater Koekkoek and loses puck.
18:03 of 3rd period - Mat Clark is hit by Brian Ferlin and loses puck.
19:29 of 3rd period - Wrist shot by Blake Geoffrion.
19:29 of 3rd period - Stopped by Chris Driedger with a rebound.
19:37 of 3rd period - Snap shot by Blake Geoffrion.
19:37 of 3rd period - Stopped by Chris Driedger with a rebound.
19:39 of 3rd period - Snap shot by Sasha Pokulok.
19:39 of 3rd period - Stopped by Chris Driedger with a rebound.
19:41 of 3rd period - Wrist shot by Sasha Pokulok.
19:41 of 3rd period - Shot Misses the Net.
19:53 of 3rd period - Snap shot by Blake Geoffrion.
19:53 of 3rd period - Shot Misses the Net.
19:55 of 3rd period - Snap shot by Zack Smith.
19:55 of 3rd period - Goal by Zack Smith - Rafales : 3 - Carnivores : 5.
19:56 of 3rd period - Markus Granlund wins face-off versus James Sheppard in neutral zone.
Goals for this period are 0 for Rafales vs 1 for Carnivores.
Shots for this period are 7 for Rafales vs 9 for Carnivores.